 Dungeon Crawl Stone Soup version 0.29-a0-344-ge2f44be95a (webtiles) character file.

Game seed: 14853353079448896289

154 spaghetti the Ducker (level 5, 0/32 HPs)
             Began as a Demonspawn Chaos Knight on Apr 21, 2022.
             Was a Plaything of Xom.
             Slain by a goblin
             ... wielding a +4 dagger of chaos
             ... led by Robin
              (9 damage)
             ... on level 4 of the Dungeon.
             The game lasted 00:04:49 (3358 turns).

spaghetti the Ducker (Demonspawn Chaos Knight)      Turns: 3358, Time: 00:04:50

Health: 0/32       AC:  8    Str: 14 (15) XL:     5   Next: 13%
Magic:  5/5        EV: 12    Int: 12 (13) God:    Xom [......]
Gold:   178        SH:  0    Dex: 11 (12) Spells: 4/4 levels left

rFire   . . .      SeeInvis .   a - +0 falchion (chaos) {long}
rCold   . . .      Faith    .   (no shield)
rNeg    . . .      Spirit   .   b - +2 leather armour
rPois   .          Reflect  .   (no helmet)
rElec   .          Harm     .   h - +0 cloak {rCorr}
rCorr   +          Rampage  .   (no gloves)
Will    .....      Clarity  +   (no boots)
Stlth   +.........              (no amulet)
HPRegen 0.10/turn               (no ring)
MPRegen 0.09/turn               (no ring)

@: unable to read
A: thin metallic scales 1, demonic guardian 1, clarity, frail 2, inability to
read while threatened
a: Renounce Religion


You were on level 4 of the Dungeon.
You worshipped Xom.
You were a very special plaything of Xom.
You visited 1 branch of the dungeon, and saw 4 of its levels.

You collected 178 gold pieces.


Innate Abilities, Weirdness & Mutations

You are partially covered in thin metallic scales. (AC +2)
A weak demonic guardian rushes to your aid.
You possess an exceptional clarity of mind.
You are very frail. (-20% HP)
You sometimes lose the ability to read scrolls when taking damage.


   Skills:
 - Level 3.0 Fighting
 - Level 2.6 Long Blades
 - Level 1.7 Armour
 + Level 4.6 Dodging


You had 4 spell levels left.
You didn't know any spells.
Your spell library contained the following spells:

 Spells                   Type           Power      Damage    Failure   Level
 Animate Skeleton         Necr           0%         N/A       38%         1
 Apportation              Tloc           0%         N/A       38%         1
 Summon Small Mammal      Summ           0%         N/A       38%         1

Inventory:

Hand Weapons
 a - a +0 falchion of chaos (weapon) {long}
 i - a +0 falchion of protection {long}
   (You found it on level 4 of the Dungeon)
Missiles
 f - 244 stones (quivered) {throwing}
 m - 5 boomerangs {throwing}
 t - 3 poisoned darts {throwing}
Armour
 b - a +2 leather armour (worn)
 d - an orb of energy
   (You found it on level 1 of the Dungeon)
 h - a +0 cloak of preservation (worn)
   (You found it on level 1 of the Dungeon)
Scrolls
 e - 2 scrolls of immolation {!r!r}
 j - a scroll of blinking {unknown}
 k - a scroll of magic mapping {unknown}
 l - 2 scrolls of teleportation {unknown}
 o - 2 scrolls of identify {unknown}
 p - a scroll of fear {unknown}
 r - a scroll of summoning {unknown}
 s - a scroll of vulnerability {unknown}
 u - a scroll of torment {unknown}
Potions
 g - 2 potions of curing {@q1}
 v - a potion of degeneration {!q@e2}
Miscellaneous
 c - a piece from Xom's chessboard (13/15)

Dungeon Overview and Level Annotations

Branches:
Dungeon (4/15)
 Temple: D:4-7

Altars:

Annotations:
D:3 2 runed translucent doors, HendSelp's ghost, weakling HuMo
D:4 Robin

....)....#....'....#
.........#....#....#
.........#....#†...#
.........###..#....#
##+#########..#....#
..........+....#
..........#....#
.###.###..#....#####
##+###+###..##@##....#
#...........55g.#....#
+...........5g..#....#
#..........g....#....#
#+###..###..#####....#
#### #gg##########
#gg†.gggg..#
#..g..gg...#
###.g####g###


You could see a gnoll shaman (summoned), 2 iron imps, a quasit (summoned), 3
gnolls and 2 goblins.


Message History

You barely miss the goblin.
You can read scrolls again.
The goblin hits you with a +4 dagger of chaos.
The goblin barely misses you.
Robin says, "A pitiful Demonspawn like you will never find the ORB!"
The goblin closely misses you.
The goblin hits you but does no damage. x2 😮 HP[-1]
You take 1 damage, and now have 20/32 hp.
Press: ? - help, v - describe, . - travel The floor.
The goblin attacks as you move away! The goblin closely misses you.
The goblin hits you but does no damage. The goblin attacks as you move away!
The goblin hits you with a +0 dagger. The hobgoblin hits you.
You feel threatened and lose the ability to read scrolls!
* * * LOW HITPOINT WARNING * * *
The goblin barely misses you. The goblin misses you. 😨 HP[-7]
You take 7 damage, and now have 13/32 hp.
MASSIVE DAMAGE!! (PAUSE)
The hobgoblin hits you but does no damage.
The hobgoblin attacks as you move away! The hobgoblin completely misses you.
The goblin no longer looks unusually strong.
The hobgoblin attacks as you move away! The hobgoblin barely misses you.
The goblin attacks as you move away! The goblin hits you but does no damage.
The goblin no longer looks unusually strong.
The goblin attacks as you move away! The goblin misses you.
You can read scrolls again.
Robin roars a battlecry!
The goblins go into a battle-frenzy!
The hobgoblin attacks as you move away!
The hobgoblin hits you but does no damage.
The goblin attacks as you move away! The goblin hits you but does no damage.
The goblin no longer looks unusually strong. x2
The goblin no longer looks unusually strong.
The hobgoblin no longer looks unusually strong.
The goblin attacks as you move away! The goblin hits you but does no damage.
The goblin no longer looks unusually strong. x2
The goblin attacks as you move away! The goblin closely misses you.
Robin roars a battlecry!
The goblins go into a battle-frenzy!
There is an open door here.
The hobgoblin attacks as you move away!
The hobgoblin barely misses you. 😨 HP[+1]
The goblin attacks as you move away! The goblin hits you with a +0 dagger.
You feel threatened and lose the ability to read scrolls!
* * * LOW HITPOINT WARNING * * *
😨 HP[-4]
You take 4 damage, and now have 10/32 hp.
You cannot read scrolls in your current state!
Unknown command.
It was a potion of degeneration.
There was something very wrong with that liquid.
You feel weakened.
You feel dopey.
You feel clumsy.
You can read scrolls again.
The goblin closely misses you.
You make a move on Xom's chessboard...
The goblin is moving more slowly.
The goblin hits you but does no damage.
You make a move on Xom's chessboard...
The goblin is outlined in light.
The hobgoblin closely misses you. The goblin hits you but does no damage.
The goblin no longer looks unusually strong.
The goblin attacks as you move away!
The goblin misses you. "Hum-dee-hum-dee-hum..."
The goblin evaporates and reforms as a boggart!
The goblin stops glowing.
The boggart picks up a +0 dagger.
The boggart wields a +0 dagger.
You see here a howler monkey corpse.
Unknown command.
The goblin attacks as you move away! The goblin closely misses you.
The goblin no longer looks unusually strong.
Robin throws the goblin at you! The goblin hits you with a +0 dagger.
You feel threatened and lose the ability to read scrolls!
* * * LOW HITPOINT WARNING * * *
The boggart gestures wildly while chanting. 😱 HP[-2]
You take 2 damage, and now have 8/32 hp.
The goblin attacks as you move away! The goblin hits you but does no damage.
You can read scrolls again.
You hear Xom's maniacal laughter.
The gnoll hits you but does no damage. 😨 HP[+1]
The quasit attacks as you move away! The quasit closely misses you.
The quasit claws you but does no damage. x2
The goblin no longer looks unusually strong.
The quasit attacks as you move away! The quasit barely misses you.
The quasit claws you but does no damage. x2
Xom chortles.
The goblin's +0 dagger erupts in a glittering mayhem of colour.
The quasit bites you but does no damage.
The quasit claws you but does no damage.
The quasit barely misses you. The quasit closely misses you.
The quasit barely misses you. The quasit closely misses you.
There is an open door here.
Unknown command.
The goblin attacks as you move away! The goblin hits you but does no damage.
You are electrocuted!
You feel threatened and lose the ability to read scrolls!
You die...
Xom laughs nastily!

Skill      XL: |  1  2  3  4 |
---------------+-------------+-----
Dodging        | 1 2 3 4 |  4.6
Fighting       | |  3.0
Long Blades    | |  2.6
Armour         | |  1.7

Action                   |  1- 3 |  4- 6 || total
-------------------------+-------+-------++-------
Melee: Falchion          |   126 |    68 ||   194
Throw: Stone             |    56 |    15 ||    71
Evoke: Piece from Xom's  |       |     2 ||     2
  Use: Potion            |     1 |     6 ||     7
       Scroll            |     1 |       ||     1
 Stab: Distracted        |     1 |       ||     1
Armor: Leather armour    |    72 |    54 ||   126
Dodge: Dodged            |   106 |    72 ||   178

Levels and vault maps discovered:
D:1:      ncdulo_smallfort, layout_loops_ring, shapermc_ecumenical_altar_venn,
          serial_bayou, serial_bayou_lagoon_a, serial_bayou_pond_c,
          serial_bayou_pond_d, serial_bayou_ford_a
D:2:      layout_loops_ring, chequers_serial_rivers_small_3
D:3:      layout_rooms, ebering_ghost_sewer_f
D:4:      minmay_evil_eye, layout_gridville, nemelex_xobeh_ov_fountains_minmay,
          uniq_robin, uniq_pikel

Notes
Turn   | Place    | Note
-------+----------+-------------------------------------------
     0 | D:1      | spaghetti the Demonspawn Chaos Knight began the quest for
                  | the Orb.
     0 | D:1      | Reached XP level 1. HP: 18/18 MP: 1/1
     0 | D:1      | magus.rc [v1.9.6]
    62 | D:1      | XOM: silly message
    88 | D:1      | Reached skill level 1 in Dodging
   182 | D:1      | You pick up a book of Cantrips and begin reading...
   182 | D:1      | You add the spells Animate Skeleton, Summon Small Mammal
                  | and Apportation to your library.
   201 | D:1      | XOM: silly message
   230 | D:1      | XOM: divination: magic mapping
   400 | D:1      | XOM: silly message
   428 | D:1      | XOM: divination: detect items
   443 | D:1      | Found a faded altar of an unknown god.
   529 | D:1      | HP: 3/18 [hobgoblin (3)]
   531 | D:1      | Gained mutation: You are partially covered in thin metallic
                  | scales. (AC +2) [demonic ancestry]
   531 | D:1      | Reached XP level 2. HP: 4/24 MP: 2/2
  1016 | D:2      | Reached skill level 2 in Dodging
  1376 | D:2      | XOM: blink monster(s)
  1381 | D:2      | Reached XP level 3. HP: 18/29 MP: 3/3
  1611 | D:2      | XOM: god gift: scroll labelled DODIGAGGUF {god gift}
  1618 | D:2      | Reached skill level 3 in Dodging
  2057 | D:2      | XOM: give mutations
  2057 | D:2      | Gained mutation: You are frail. (-10% HP) [Xom's mischief]
  2057 | D:2      | Gained mutation: Armour fits poorly on your strangely
                  | shaped body. [Xom's mischief]
  2208 | D:3      | XOM: 1-stop teleportation journey
  2210 | D:3      | Found a runed translucent door.
  2226 | D:3      | Gained mutation: A weak demonic guardian rushes to your
                  | aid. [demonic ancestry]
  2226 | D:3      | Reached XP level 4. HP: 13/31 MP: 4/4
  2437 | D:3      | Reached skill level 4 in Dodging
  2604 | D:3      | Found a runed translucent door.
  2653 | D:3      | XOM: give mutations
  2653 | D:3      | Gained mutation: You are dopey. (Int -2) [Xom's mischief]
  2653 | D:3      | Gained mutation: You are weak. (Str -2) [Xom's mischief]
  2653 | D:3      | Gained mutation: You occasionally shout uncontrollably at
                  | your foes. [Xom's mischief]
  2678 | D:3      | Noticed HendSelp's ghost (weakling HuMo)
  3062 | D:4      | XOM: give mutation
  3062 | D:4      | Lost mutation: Armour fits poorly on your strangely shaped
                  | body. [Xom's mischief]
  3065 | D:4      | Lost mutation: You are weak. (Str -2) [potion of mutation]
  3065 | D:4      | Lost mutation: You occasionally shout uncontrollably at
                  | your foes. [potion of mutation]
  3065 | D:4      | Lost mutation: You are dopey. (Int -2) [potion of mutation]
  3065 | D:4      | Gained mutation: You sometimes lose the ability to read
                  | scrolls when taking damage. [potion of mutation]
  3065 | D:4      | Gained mutation: You are very frail. (-20% HP) [potion of
                  | mutation]
  3065 | D:4      | Gained mutation: You possess an exceptional clarity of
                  | mind. [potion of mutation]
  3210 | D:4      | Reached XP level 5. HP: 26/32 MP: 5/5
  3323 | D:4      | Noticed Robin
  3326 | D:4      | XOM: chaos upgrade
  3351 | D:4      | Noticed a boggart
  3351 | D:4      | a goblin changed into a boggart
  3351 | D:4      | XOM: polymorph goblin -> boggart
  3352 | D:4      | HP: 8/32 [goblin/+0 dagger[Robin] (2)]
  3353 | D:4      | XOM: summons 3 hostile demons
  3357 | D:4      | XOM: chaos upgrade
  3358 | D:4      | Slain by a goblin

Vanquished Creatures
  A howler monkey (D:4)
  An orc wizard (D:3)
  2 adders (D:2)
  A dart slug (D:2)
  8 orcs
  4 endoplasms
  2 giant cockroaches
  4 hobgoblins
  8 jackals
  4 kobolds
  4 quokkas
  3 ball pythons
  3 bats
  2 frilled lizards
  7 goblins
  2 rats (D:2)
56 creatures vanquished.

Vanquished Creatures (collateral kills)
  A quokka (D:3)
1 creature vanquished.

Grand Total: 57 creatures vanquished

Table legend:
 A = Non-vault XP
 B = Vault XP
 C = Vault XP percentage of total XP
 D = Non-vault monster count
 E = Vault monster count
 F = Vault count percentage of total count
                 A         B        C        D         E       F
            +---------+---------+-------+---------+---------+-------
      Total |     217 |       3 |   1.4 |      55 |       2 |   3.5
            +---------+---------+-------+---------+---------+-------
        D:1 |      12 |       0 |   0.0 |       8 |       0 |   0.0
        D:2 |      67 |       0 |   0.0 |      24 |       0 |   0.0
        D:3 |      68 |       0 |   0.0 |      16 |       0 |   0.0
        D:4 |      70 |       3 |   4.1 |       7 |       2 |  22.2
            +---------+---------+-------+---------+---------+-------

Illustrated notes

Table legend:
 A = Kills in this place as a percentage of kills in entire the game.
 B = Kills by you in this place as a percentage of kills by you in the entire game.
 C = Kills by friends in this place as a percentage of kills by friends in the entire game.
 D = Other kills in this place as a percentage of other kills in the entire game.
 E = Experience gained in this place as a percentage of experience gained in the entire game.
 F = Experience gained in this place divided by the number of levels of this place that you have seen.
                   A       B       C       D       E      F
               +-------+-------+-------+-------+-------+----------------------
         Total | 100.0 | 100.0 | 100.0 |   N/A | 100.0 |  55.0
       Dungeon | 100.0 | 100.0 | 100.0 |   N/A | 100.0 |  55.0
               +-------+-------+-------+-------+-------+----------------------

Table legend: (Time is in decaauts)
 A = Elapsed time spent in this place.
 B = Non-inter-level travel time spent in this place.
 C = Inter-level travel time spent in this place.
 D = Time resting spent in this place.
 E = Time spent auto-exploring this place.
 F = Levels seen in this place.
 G = Mean time per level.
                   A        B        C        D        E       F      G
               +--------+--------+--------+--------+--------+-----+--------+
         Total |   3402 |   3337 |     65 |    631 |   2197 |   4 |  850.5 |
       Dungeon |   3402 |   3337 |     65 |    631 |   2197 |   4 |  850.5 |
               +--------+--------+--------+--------+--------+-----+--------+

Top non-repeatable levels by time:
     D:2: 1125 daAuts
     D:1: 1024 daAuts
     D:3: 716 daAuts
     D:4: 535 daAuts
